 Dungeon Crawl Stone Soup version 0.26.1-11-gd32895ea62 (webtiles) character file.

Game seed: 7128283822760885943

86 safid the Skirmisher (level 4, -7/42 HPs)
             Began as a Hill Orc Wanderer on June 23, 2021.
             Mangled by Crazy Yiuf
             ... wielding a +3 quarterstaff of chaos
              (8 damage)
             ... while petrified by Crazy Yiuf
             ... on level 2 of the Dungeon.
             The game lasted 00:03:31 (2246 turns).

safid the Skirmisher (Hill Orc Wanderer)            Turns: 2246, Time: 00:03:32

Health: -7/42      AC:  5    Str: 14    XL:     4   Next: 49%
Magic:  1/4        EV:  2    Int: 14    God:
Gold:   76         SH:  0    Dex:  9    Spells: 3/3 levels left

rFire    . . .     SeeInvis .   a - +2 falchion
rCold    . . .     Faith    .   (no shield)
rNeg     + + +     Spirit   .   i - +0 ring mail
rPois    ∞         Reflect  .   (no helmet)
rElec    .         Harm     .   (no cloak)
rCorr    .         Rampage  .   (no gloves)
Will     .....                  (no boots)
Stlth    +.........             (no amulet)
HPRegen  0.14/turn              (no ring)
MPRegen  0.09/turn              (no ring)

@: petrified, hasted
A: no striking features
a: no special abilities


You were on level 2 of the Dungeon.
You visited 1 branch of the dungeon, and saw 2 of its levels.

You collected 76 gold pieces.

Inventory:

Hand Weapons
 a - a +2 falchion (weapon)
 b - a +0 hand axe
Armour
 i - a +0 ring mail (worn)
Scrolls
 d - a scroll of immolation {unknown}
 h - a scroll of enchant armour {unknown}
 j - a scroll of teleportation {unknown}
Potions
 c - a potion of might {unknown}
 f - a potion of ambrosia {unknown}
 g - a potion of degeneration {unknown}


   Skills:
 + Level 5.6 Fighting
 - Level 3.2 Long Blades
 + Level 2.8 Axes
 - Level 1.0 Throwing
 + Level 2.7 Armour
 - Level 1.0 Stealth


You had 3 spell levels left.
You didn't know any spells.
Your spell library was empty.

Dungeon Overview and Level Annotations

Branches:
Dungeon (2/15)

Altars:

Annotations:
D:2 Crazy Yiuf


Message History

Crazy Yiuf hits you but does no damage.
You are slowing down.
You hit Crazy Yiuf but do no damage.
Crazy Yiuf is lightly wounded.
Crazy Yiuf hits you with a +3 quarterstaff of chaos!
Crazy Yiuf freezes you.
Your limbs are stiffening.
You hit Crazy Yiuf.
Crazy Yiuf is lightly wounded.
Crazy Yiuf completely misses you.
You riposte.
You hit Crazy Yiuf.
Crazy Yiuf is moderately wounded.
You have turned to stone.
Crazy Yiuf hits you with a +3 quarterstaff of chaos!
You are electrocuted!
* * * LOW HITPOINT WARNING * * *
Crazy Yiuf hits you with a +3 quarterstaff of chaos!
* * * LOW HITPOINT WARNING * * *
Crazy Yiuf hits you with a +3 quarterstaff of chaos!
* * * LOW HITPOINT WARNING * * *
You are electrocuted!
You die...

### ..# #.####
########
.....###....#.### ###
#.##.##......#..##...#
......†.....####@g...#
#.##.##....## ###..)#
...#.####### ###
...#.. ##.#..# .#..#
.#..# .#..# #..#


You could see Crazy Yiuf.

Vanquished Creatures
  4 adders (D:2)
  2 oozes
  2 dart slugs
  3 leopard geckos
  A giant cockroach (D:1)
  4 goblins
  5 hobgoblins
  A quokka (D:2)
  3 bats
  3 frilled lizards
  2 kobolds (D:2)
  8 rats
38 creatures vanquished.

Notes
Turn   | Place    | Note
-------+----------+-------------------------------------------
     0 | D:1      | safid the Hill Orc Wanderer began the quest for the Orb.
     0 | D:1      | safid set off with the following items: a +2 falchion, a +0
                  | hand axe, a potion of curing, a +0 robe
     0 | D:1      | Reached XP level 1. HP: 22/22 MP: 1/1
   358 | D:1      | Reached skill level 5 in Fighting
   443 | D:1      | Reached skill level 1 in Axes
   443 | D:1      | Reached XP level 2. HP: 23/29 MP: 2/2
  1259 | D:2      | Reached XP level 3. HP: 29/36 MP: 3/3
  1705 | D:2      | Reached XP level 4. HP: 24/42 MP: 4/4
  2207 | D:2      | Found a runed translucent door.
  2208 | D:2      | Noticed Crazy Yiuf
  2246 | D:2      | HP: 1/42 [Crazy Yiuf/+3 quarterstaff of chaos (5)]
  2246 | D:2      | Mangled by Crazy Yiuf

Illustrated notes

Levels and vault maps discovered:
D:1:      lemuel_arrival_broad_hall, layout_loops_corners,
          minmay_misc_feat_hallway, minmay_pentomino_v2
D:2:      layout_loops_ring, minmay_goblin_kobold_house, uniq_jessica,
          uniq_crazy_yiuf_cottage

Skill      XL: |  1  2 |
---------------+-------+-----
Fighting       | 5 |  5.6
Axes           | 1 2 |  2.8
Armour         | 2 |  2.7
Long Blades    | |  3.2
Throwing       | |  1.0
Stealth        | |  1.0

Action                   |  1- 3 |  4- 6 || total
-------------------------+-------+-------++-------
Melee: Falchion          |    89 |    31 ||   120
  Use: Potion            |       |     3 ||     3
 Stab: Sleeping          |     1 |       ||     1
Armor: Robe              |     6 |       ||     6
       Ring mail         |    27 |    19 ||    46
Dodge: Dodged            |    44 |    29 ||    73
       Rpst.: Falchion   |    12 |    10 ||    22
